AoeStats
← WING123456

Arena

508868976Analyzed
3v3 RM · 9d ago on Sep 24, 2026· 55m 50s· 6 players
Game mode
Random Map
Map size
Normal (6 player)
Population
200
Speed
Normal
Resources
Standard
Victory
Conquest
Starting age
Dark Age
Ending age
Imperial Age
RankedLock teamsTeams togetherTeam positionsShared explorationLock speedFull tech treeHidden civsTurbo modeCheats
Victory
Defeat
🇨🇳 Wei · China
1123
+14
🇨🇳 Franks · China
1104
+15
🇨🇳 Slavs · China
1044
+17
🇵🇱 Turks · Poland
1121
-18
🇧🇷 Goths · Brazil
1098
-16
🇧🇾 Turks · Belarus
1003
-12
WING123456
11:19 Feudal Age
15:55 Castle Age
14:11 Double-Bit Axe
15:00 Loom
15:03 Horse Collar
16:29 Bloodlines
21:30 Detinets
23:21 Scale Barding Armor
24:54 Forging
25:04 Pikeman
26:45 Scale Mail Armor
32:17 Chain Mail Armor
32:07 Squires
36:29 Imperial Age
37:03 Husbandry
37:59 Conscription
43:05 Capped Ram
47:12 Plate Mail Armor
47:17 Iron Casting
49:13 Halberdier
52:35 Blast Furnace
51:39 Druzhina
54:40 Man-at-Arms
55:14 Long Swordsman
56:11 Bow Saw
easymoney
11:06 Feudal Age
14:57 Castle Age
13:08 Double-Bit Axe
17:27 Bow Saw
23:47 Scale Barding Armor
25:02 Stone Mining
25:02 Gold Mining
27:33 Gold Mining
29:28 Gold Shaft Mining
29:45 Wheelbarrow
31:03 Hand Cart
32:01 Padded Archer Armor
31:52 Fletching
36:10 Imperial Age
35:54 Loom
37:31 Elite Throwing Axeman
38:49 Conscription
38:36 Husbandry
39:14 Cavalier
40:34 Paladin
44:31 Forging
44:41 Chain Barding Armor
44:21 Scale Mail Armor
44:42 Chain Barding Armor
44:22 Scale Mail Armor
44:55 Pikeman
45:36 Squires
48:33 Halberdier
48:59 Arson
两个小妹妹种田
11:19 Feudal Age
12:36 Double-Bit Axe
12:32 Horse Collar
16:35 Castle Age
14:27 Gold Mining
15:14 Stone Mining
19:37 Bow Saw
20:14 Bloodlines
20:58 Husbandry
22:40 Gold Shaft Mining
22:35 Town Watch
23:37 Wheelbarrow
25:24 Forging
26:38 Stone Shaft Mining
26:59 Iron Casting
26:29 Scale Barding Armor
30:23 Imperial Age
28:01 Town Watch
29:10 Tuntian
29:38 Husbandry
30:10 Scale Barding Armor
30:14 Husbandry
30:32 Husbandry
30:27 Heavy Hei Guang Cavalry
31:33 Conscription
32:27 Chain Barding Armor
33:07 Blast Furnace
32:27 Chain Barding Armor
32:38 Treadmill Crane
33:19 Ballistics
34:00 Chemistry
33:11 Fortified Wall
33:49 Fervor
34:07 Hand Cart
33:52 Town Patrol
34:05 Heavy Plow
33:58 Loom
36:41 Ming Guang Armor
37:56 Fletching
38:06 Padded Archer Armor
38:05 Elite Tiger Cavalry
39:22 Hoardings
38:14 Capped Ram
41:53 Parthian Tactics
43:12 Pikeman
43:52 Squires
44:12 Bodkin Arrow
44:32 Leather Archer Armor
44:12 Bodkin Arrow
44:32 Leather Archer Armor
49:32 Caravan
51:34 Halberdier
Ezer
0:29 Loom
12:55 Feudal Age
16:47 Castle Age
14:37 Double-Bit Axe
14:46 Gold Mining
14:38 Horse Collar
24:52 Bloodlines
24:50 Husbandry
26:07 Forging
26:47 Scale Barding Armor
27:49 Wheelbarrow
29:41 Gold Shaft Mining
29:25 Bow Saw
29:35 Heavy Plow
30:36 Iron Casting
31:02 Chain Barding Armor
34:57 Imperial Age
32:45 Hand Cart
32:16 Town Watch
34:03 Masonry
35:03 Heavy Camel Rider
36:34 Plate Barding Armor
37:01 Blast Furnace
50:55 Fletching
53:45 Bodkin Arrow
54:10 Fortified Wall
tiwaz55
10:53 Feudal Age
15:18 Castle Age
14:23 Double-Bit Axe
14:43 Horse Collar
15:36 Scale Barding Armor
24:09 Heavy Plow
25:16 Bow Saw
27:18 Chain Barding Armor
34:00 Imperial Age
31:16 Loom
31:18 Town Watch
31:59 Stone Mining
32:02 Gold Mining
32:40 Forging
34:23 Wheelbarrow
36:05 Plate Barding Armor
35:33 Husbandry
35:44 Bloodlines
41:50 Iron Casting
46:52 Gold Shaft Mining
49:38 Blast Furnace
50:05 Fletching
50:56 Hand Cart
Chaves
6:13 Loom
11:17 Feudal Age
12:47 Double-Bit Axe
13:48 Horse Collar
16:07 Town Watch
17:36 Man-at-Arms
18:28 Gold Mining
21:20 Castle Age
19:34 Scale Mail Armor
21:23 Forging
22:06 Pikeman
29:54 Wheelbarrow
30:40 Heavy Plow
32:17 Chain Mail Armor
33:20 Anarchy
36:04 Iron Casting
36:34 Squires
47:06 Hand Cart
Connection lost

Rejoining the realm…

Still unreachable

The connection could not be restored.

Session expired

The server has moved on; the page needs a fresh start.